 Dungeon Crawl Stone Soup version 0.31-a0-180-g519b7de00c (webtiles) character file.

Game seed: 3280327388431685496

145 qw the Shooter (level 5, -5/49 HPs)
             Began as a Naga Hunter on June 20, 2023.
             Slain by a gnoll
             ... wielding a +0 flail
             ... led by a gnoll bouda
              (9 damage)
             ... on level 3 of the Dungeon.
             The game lasted 00:00:38 (2044 turns).

qw the Shooter (Naga Hunter)                        Turns: 2044, Time: 00:00:39

Health: -5/49      AC:  4    Str: 19    XL:     5   Next: 27%
Magic:  5/5        EV:  9    Int:  9    God:
Gold:   170        SH:  0    Dex: 17    Spells: 4/4 levels left

rFire   . . .        Y - +1 shortbow
rCold   . . .        (shield currently unavailable)
rNeg    . . .        c - +0 leather armour
rPois   +            (no helmet)
rElec   .            (no cloak)
rCorr   .            b - +0 pair of gloves
SInv    +            (no barding)
Will    .....        (no amulet)
Stlth   ++           i - +6 ring of strength
HPRegen 0.28/turn    (no ring)
MPRegen 0.09/turn

%: no passive effects
@: very slow
A: AC +1, large, see invisible, deformed body, poison resistance, slowness 2,
spit poison 1, naga tail 1
a: Spit Poison


You were on level 3 of the Dungeon.
You visited 1 branch of the dungeon, and saw 3 of its levels.

You collected 170 gold pieces.


Innate Abilities, Weirdness & Mutations

Your serpentine skin is tough. (AC +1)
You have supernaturally acute eyesight. (SInv)
Armour fits poorly on your strangely shaped body.
Your system is resistant to poisons. (rPois)
You cover ground very slowly.
You can spit poison.
You have a snake-like lower body.


   Skills:
 - Level 3.3 Fighting
 + Level 5.2 Ranged Weapons
 - Level 1.5 Dodging
 - Level 1.5 Stealth


You had 4 spell levels left.
You didn't know any spells.
Your spell library was empty.

Inventory:

Hand Weapons
 Y - a +1 shortbow (weapon)
Armour
 b - a +0 pair of gloves (worn)
 c - a +0 leather armour (worn)
Jewellery
 d - a ring of fire
 i - a +6 ring of strength (left hand)
Potions
 a - a potion of enlightenment {unknown}
 e - a potion of attraction {unknown}
 f - a potion of magic {unknown}
 m - a potion of mutation {unknown}

Dungeon Overview and Level Annotations

Branches:
Dungeon (3/15)

Altars:


Message History

The gnoll bouda is poisoned.
The gnoll bouda is severely wounded.
The gnoll bouda barks out a call to the hunt!
The gnolls pick up the pace!
You shoot an arrow. The arrow hits the gnoll bouda!
You kill the gnoll bouda!
The gnoll throws a throwing net.
The throwing net barely misses you.
Your Fighting skill increases to level 3!
You have reached level 5!
You shoot an arrow. The arrow hits the gnoll.
The gnoll is heavily wounded.
The gnoll hits you with a +0 club. The gnoll barely misses you.
You shoot an arrow. The arrow hits the gnoll.
You kill the gnoll!
You shoot an arrow. The arrow hits the gnoll.
The gnoll is moderately wounded.
The gnoll hits you with a +0 flail.
You shoot an arrow. The arrow hits the gnoll.
The gnoll is heavily wounded.
You have got your breath back.
The gnoll barely misses you.
2041 ||| INVOKING Spit Poison.
Aiming: Spit Poison (1% risk of failure)
Press: ? - help, Shift-Dir - straight line, f/p - gnoll The splash of poison hits the gnoll but does no damage.
The gnoll is poisoned.
The gnoll is heavily wounded.
The gnoll barely misses you.
You shoot an arrow.
The arrow hits the gnoll but does no damage.
The gnoll is heavily wounded.
The gnoll hits you with a +0 flail! The gnoll barely misses you.
You shoot an arrow.
The arrow hits the gnoll but does no damage.
The gnoll is heavily wounded.
The gnoll hits you with a +0 flail.
You shoot an arrow. The arrow barely misses the gnoll. x2
You have got your breath back.
The gnoll hits you with a +0 flail!
You die...

..# #.# ..
### #.# .g
#.# .g #.#
##g
##########.#
..
#..........#
#.
#.##########
#)###.#
#gg@.(#
#.###.# ##
###


You could see 2 gnolls.

Vanquished Creatures
  A gnoll bouda (D:3)
  An iguana (D:2)
  3 gnolls (D:3)
  An adder (D:2)
  A worm (D:3)
  A dart slug (D:2)
  4 ball pythons
  2 bats
  3 endoplasms
  3 giant cockroaches
  5 goblins
  6 hobgoblins
  3 kobolds
  2 quokkas
  4 frilled lizards
  5 rats
45 creatures vanquished.

Notes
Turn   | Place    | Note
-------+----------+-------------------------------------------
     0 | D:1      | qw the Naga Hunter began the quest for the Orb.
     0 | D:1      | Reached XP level 1. HP: 19/19 MP: 1/1
     0 | D:1      | 0 ||| qw: Version: 0.3-a-9-g12657ce
     0 | D:1      | 0 ||| qw: Game counter: 1152
     0 | D:1      | 0 ||| qw: Always use a shield: true
     0 | D:1      | 0 ||| qw: God list: Okawaru
     0 | D:1      | 0 ||| qw: Allow faded altars: false
     0 | D:1      | 0 ||| qw: Do Orc after D:15 true
     0 | D:1      | 0 ||| qw: Do second Lair branch before Depths: true
     0 | D:1      | 0 ||| qw: Lair rune preference: random
     0 | D:1      | 0 ||| qw: Plans: Normal
     0 | D:1      | 0 ||| PLANNING D:1-11
    55 | D:1      | 55 ||| INVOKING Spit Poison.
    60 | D:1      | 60 ||| INVOKING Spit Poison.
    61 | D:1      | 61 ||| INVOKING Spit Poison.
    76 | D:1      | 76 ||| INVOKING Spit Poison.
    80 | D:1      | 80 ||| INVOKING Spit Poison.
    85 | D:1      | 85 ||| INVOKING Spit Poison.
    85 | D:1      | HP: 4/19 [frilled lizard (3)]
   170 | D:1      | 170 ||| INVOKING Spit Poison.
   192 | D:1      | 192 ||| READING scroll labelled JOXEATS IXUR.
   195 | D:1      | 195 ||| INVOKING Spit Poison.
   196 | D:1      | Reached skill level 4 in Ranged Weapons
   196 | D:1      | Reached XP level 2. HP: 26/26 MP: 2/2
   308 | D:1      | 308 ||| INVOKING Spit Poison.
   317 | D:1      | 317 ||| INVOKING Spit Poison.
   355 | D:1      | 355 ||| INVOKING Spit Poison.
   373 | D:1      | 373 ||| INVOKING Spit Poison.
   378 | D:1      | 378 ||| INVOKING Spit Poison.
   499 | D:1      | 499 ||| INVOKING Spit Poison.
   505 | D:1      | 505 ||| INVOKING Spit Poison.
   506 | D:1      | 506 ||| INVOKING Spit Poison.
   545 | D:1      | 545 ||| INVOKING Spit Poison.
   566 | D:1      | 566 ||| INVOKING Spit Poison.
   821 | D:1      | 821 ||| UPGRADING to +6 ring of strength.
   822 | D:1      | 822 ||| READING scroll labelled WEZAEP BOKHLEHU.
   823 | D:1      | 823 ||| READING scroll labelled KIOHEI TUMP.
   924 | D:1      | 924 ||| READING scroll labelled NUTZOK TEAMNAFFAOR.
   925 | D:1      | 925 ||| READING scroll labelled TUXZUA VAISI.
   926 | D:1      | 926 ||| READING scroll labelled CAH IRENYNT.
   927 | D:1      | 927 ||| READING scroll labelled OLOINUE MADIBYBENG.
   928 | D:1      | 928 ||| READING scroll labelled PAHUBU DITOXI.
   932 | D:1      | 932 ||| READING scroll labelled SAESIH WUEMM.
   933 | D:1      | 933 ||| DROPPING scroll of butterflies.
   957 | D:2      | 957 ||| INVOKING Spit Poison.
   982 | D:2      | 982 ||| INVOKING Spit Poison.
  1001 | D:2      | 1001 ||| INVOKING Spit Poison.
  1002 | D:2      | Reached XP level 3. HP: 32/32 MP: 3/3
  1007 | D:2      | 1007 ||| INVOKING Spit Poison.
  1075 | D:2      | 1075 ||| INVOKING Spit Poison.
  1364 | D:2      | 1364 ||| INVOKING Spit Poison.
  1404 | D:2      | 1404 ||| INVOKING Spit Poison.
  1465 | D:2      | 1465 ||| INVOKING Spit Poison.
  1470 | D:2      | 1470 ||| INVOKING Spit Poison.
  1471 | D:2      | Reached skill level 5 in Ranged Weapons
  1471 | D:2      | Reached XP level 4. HP: 35/39 MP: 4/4
  1476 | D:2      | 1476 ||| INVOKING Spit Poison.
  1629 | D:2      | 1629 ||| INVOKING Spit Poison.
  1795 | D:2      | 1795 ||| UPGRADING to +0 pair of gloves.
  1800 | D:2      | 1800 ||| READING scroll labelled BEXASUOSUU.
  1859 | D:3      | 1859 ||| INVOKING Spit Poison.
  1872 | D:3      | 1872 ||| INVOKING Spit Poison.
  1974 | D:3      | 1974 ||| INVOKING Spit Poison.
  2022 | D:3      | 2022 ||| INVOKING Spit Poison.
  2025 | D:3      | 2025 ||| Stepping ~*~*~tactically~*~*~ (outnumbered).
  2028 | D:3      | 2028 ||| INVOKING Spit Poison.
  2035 | D:3      | 2035 ||| INVOKING Spit Poison.
  2037 | D:3      | Reached skill level 3 in Fighting
  2037 | D:3      | Reached XP level 5. HP: 23/49 MP: 5/5
  2041 | D:3      | 2041 ||| INVOKING Spit Poison.
  2042 | D:3      | HP: 8/49 [gnoll/+0 flail[a gnoll bouda] (11)]
  2044 | D:3      | Slain by a gnoll

Levels and vault maps discovered:
D:1:      lordsloth_arrival_two_stooges, layout_loops_ring, minmay_statues_item,
          nicolae_kite_square_tiling_tiny, serial_bayou_pond_c
D:2:      layout_basic
D:3:      layout_basic, kennysheep_cross_room

Skill      XL: |  1  2  3  4 |
---------------+-------------+-----
Ranged Weapons | 4 5 |  5.2
Fighting       | 3 |  3.3
Dodging        | |  1.5
Stealth        | |  1.5

Action                     |  1- 3 |  4- 6 || total
---------------------------+-------+-------++-------
   Fire: Shortbow          |    53 |    33 ||    86
Ability: Spit Poison       |    25 |     9 ||    34
    Use: Scroll            |     9 |     1 ||    10
 Armour: Leather armour    |     7 |     4 ||    11
  Dodge: Dodged            |    16 |     8 ||    24

Table legend:
 A = Non-vault XP
 B = Vault XP
 C = Vault XP percentage of total XP
 D = Non-vault monster count
 E = Vault monster count
 F = Vault count percentage of total count
                 A         B        C        D         E       F
            +---------+---------+-------+---------+---------+-------
      Total |     208 |       0 |   0.0 |      45 |       0 |   0.0
            +---------+---------+-------+---------+---------+-------
        D:1 |      30 |       0 |   0.0 |      18 |       0 |   0.0
        D:2 |      79 |       0 |   0.0 |      17 |       0 |   0.0
        D:3 |      99 |       0 |   0.0 |      10 |       0 |   0.0
            +---------+---------+-------+---------+---------+-------
